 Dungeon Crawl Stone Soup version 0.29-a0-553-g81b289dbe5 (console) character file.

Game seed: 7015904652711092580

70 narcow the Insei (level 4, 0/34 (36) HPs)
             Began as a Meteoran Transmuter on June 6, 2022.
             Slain by an orc wizard
             ... wielding a +0 dagger
              (1 damage)
             ... on level 3 of the Dungeon.
             The game lasted 00:06:06 (1104 turns).

narcow the Insei (Meteoran Transmuter)              Turns: 1104, Time: 00:06:06

HP:   0/34 (36)     AC:  2    Str: 11    XL:     4   Next: 72%
MP:   9/10          EV: 12    Int: 16    God:
Gold: 111           SH:  0    Dex: 15    Spells: 9/10 levels left

rFire   + . .      SeeInvis .     - Unarmed
rCold   . . .      Faith    .   (no shield)
rNeg    . . .      Spirit   .   a - +0 robe
rPois   .          Reflect  .   (helmet currently unavailable)
rElec   .          Harm     .   (no cloak)
rCorr   .          Rampage  .   (no gloves)
Will    .....                   (boots currently unavailable)
Stlth   +.........              (no amulet)
HPRegen 0.11/turn               k - ring of protection from fire
MPRegen 0.12/turn               (no ring)

@: appendages, glowing, drained
A: horns 2, talons 2, sense surroundings 1, otherworldly, glowing, explore regen
a: End Transformation


You were on level 3 of the Dungeon.
You had temporarily grown beastly horns and talons.
You visited 1 branch of the dungeon, and saw 3 of its levels.

You collected 111 gold pieces.

Inventory:

Missiles
 f - 3 boomerangs
 h - 105 stones
Armour
 a - a +0 robe (worn)
 m - a +0 helmet (melded)
 n - a +0 ring mail
Jewellery
 k - a ring of protection from fire (left hand)
Scrolls
 d - a scroll of fear {unknown}
 g - a scroll of identify {unknown}
 p - a scroll of poison {unknown}
 r - a scroll of fog {unknown}
Potions
 b - a potion of lignification
 c - 3 potions of degeneration {unknown}
 e - 2 potions of attraction {unknown}
 i - a potion of invisibility {unknown}
 j - a potion of might {unknown}
 l - 4 potions of curing {unknown}
 o - a potion of haste {unknown}
 q - a potion of brilliance {unknown}
 s - a potion of flight {unknown}


   Skills:
 + Level 2.2 Fighting
 - Level 2.4 Dodging
 - Level 5.0 Unarmed Combat
 + Level 3.5 Spellcasting
 - Level 2.4 Transmutations


You had 9 spell levels left.
You knew the following spells:

 Your Spells              Type           Power      Damage    Failure   Level
a - Beastly Appendage     Tmut           20%        N/A       7%          1

Your spell library contained the following spells:

 Spells                   Type           Power      Damage    Failure   Level
 Wereblood                Tmut           10%        N/A       10%         2
 Freeze                   Ice            8%         1d3       19%         1
 Static Discharge         Conj/Air       2%         N/A       26%         2
 Spider Form              Tmut/Pois      6%         N/A       32%         3
 Frozen Ramparts          Ice            4%         1d2       47%         3
 Ice Form                 Ice/Tmut       6%         N/A       71%         4
 Hailstorm                Conj/Ice       2%         3d3       87%         4
 Lightning Bolt           Conj/Air       1%         1d12      99%         5
 Maxwell's Capacitive Co  Air            1%         ∞         100%        8


Dungeon Overview and Level Annotations

Branches:
Dungeon (3/15)

Altars:

Shops:
D:1 :


Innate Abilities, Weirdness & Mutations

You have temporarily grown beastly horns and talons.
You passively map a small area around you.
You are easily found by Zot.
You glow in the dark.
You regain HP and MP as you explore.


Message History

You have reached level 4!
You bump into the rock wall.
The orc priest calls upon Beogh to heal the orc wizard.
The orc wizard's wounds heal themselves!
You're too confused to move!
Your horns disappear.
Your talons disappear.
Your +0 helmet unmelds from your body.
You feel less confused. The orc priest completely misses you.
You hit the orc priest.
The orc priest is lightly wounded.
The orc priest barely misses you.
You hit the orc priest.
The orc priest is heavily wounded.
The orc priest completely misses you.
You hit the orc priest.
The orc priest is almost dead.
The orc priest invokes the aid of Beogh against you.
Pain shoots through your body!
* * * LOW HITPOINT WARNING * * *
You hit the orc priest.
You kill the orc priest!
The orc wizard casts a spell.
The orc wizard flickers and vanishes!
Deactivating autopickup; reactivate with Ctrl-A.
Your Fighting skill increases to level 2!
Something hits you.
* * * LOW HITPOINT WARNING * * *
Items here: )) ††.
Casting: Beastly Appendage (safe; 7% risk of failure)
Confirm with . or Enter, or press ? or * to list all spells.
You grow a pair of large bovine horns.
Your feet morph into talons.
Your +0 helmet melds into your body.
Something completely misses you.
You miss something. Your kick misses something. Your headbutt misses something.
Something hits you but does no damage.
You barely miss something. You punch something. You hit something.
Your headbutt misses something. Something hits you but does no damage.
You barely miss something. Your kick misses something. Something hits you.
* * * LOW HITPOINT WARNING * * *
You miss something. Your kick misses something. You headbutt something.
Something hits you.
You die...

* * , * #. * *
#. # * #. * .#
* #.## . # * #
#....#.# .#
#..#...###.**
* #.{.......,
, #@# .# # #.#
##.#.# *
#.####....# ,
#..)..<...# *
*
######....<...
######### **


There were no monsters in sight!

Vanquished Creatures
  An orc priest (D:3)
  A worm (D:2)
  A dart slug (D:1)
  2 orcs (D:3)
  6 ball pythons
  3 bats
  An endoplasm (D:1)
  A giant cockroach (D:1)
  2 goblins (D:2)
  A hobgoblin (D:1)
  2 jackals (D:1)
  3 quokkas
  2 frilled lizards
  4 kobolds
  3 rats
33 creatures vanquished.

Notes
Turn   | Place    | Note
-------+----------+-------------------------------------------
     0 | D:1      | narcow the Meteoran Transmuter began the quest for the Orb.
     0 | D:1      | Reached XP level 1. HP: 16/16 MP: 5/5
    63 | D:1      | Reached skill level 4 in Unarmed Combat
    73 | D:1      | Reached XP level 2. HP: 12/23 MP: 4/6
    84 | D:1      | Found Gesilow's Book Boutique.
   339 | D:1      | Reached XP level 3. HP: 28/28 MP: 6/8
   500 | D:1      | Glimpsed the power of Zot.
   550 | D:1      | Glimpsed the power of Zot.
   590 | D:1      | Glimpsed the power of Zot.
   599 | D:1      | Glimpsed the power of Zot.
   600 | D:1      | Touched by the power of Zot.
   822 | D:2      | Reached skill level 5 in Unarmed Combat
   992 | D:2      | Found a faded altar of an unknown god.
  1092 | D:3      | Reached XP level 4. HP: 15/28 MP: 9/9
  1103 | D:3      | HP: 1/34 [something (4)]
  1104 | D:3      | Slain by an orc wizard

Illustrated notes

Levels and vault maps discovered:
D:1:      sevenhm_arrival_forest_fort_small_4, layout_basic, serial_shops, shop
D:2:      layout_basic, shapermc_ecumenical_altar_mp_vishouse
D:3:      layout_loops_ring, nrook_mini_backslash, kennysheep_small_spiral,
          kennysheep_jessica_study

Skill      XL: |  1  2  3  4 |
---------------+-------------+-----
Unarmed Combat | 4 5 |  5.0
Spellcasting   | 3 |  3.5
Fighting       | 2 |  2.2
Dodging        | |  2.4
Transmutations | |  2.4

Action                   |  1- 3 |  4- 6 || total
-------------------------+-------+-------++-------
Melee: Unarmed           |    77 |     9 ||    86
       Kick              |    16 |       ||    16
       Headbutt          |     9 |     1 ||    10
       Punch             |     1 |     1 ||     2
 Cast: Beastly Appendage |    21 |     1 ||    22
Armor: Robe              |    24 |     2 ||    26
Dodge: Dodged            |    47 |     4 ||    51

Table legend: (Time is in decaauts)
 A = Elapsed time spent in this place.
 B = Non-inter-level travel time spent in this place.
 C = Inter-level travel time spent in this place.
 D = Time resting spent in this place.
 E = Time spent auto-exploring this place.
 F = Levels seen in this place.
 G = Mean time per level.
                   A        B        C        D        E       F      G
               +--------+--------+--------+--------+--------+-----+--------+
         Total |   1098 |    802 |    296 |      0 |     15 |   3 |  366.0 |
       Dungeon |   1098 |    802 |    296 |      0 |     15 |   3 |  366.0 |
               +--------+--------+--------+--------+--------+-----+--------+

Top non-repeatable levels by time:
     D:1: 612 daAuts
     D:2: 461 daAuts
     D:3: 24 daAuts
